 Dungeon Crawl Stone Soup version 0.17-a0-1479-g4041c36 (webtiles) character file.

89 tinkerttoy the Twirler (level 4, -1/38 HPs)
             Began as a Minotaur Gladiator on July 3, 2015.
             Killed by nerve-wracking pain
             ... invoked by an orc priest
              (8 damage)
             ... on level 3 of the Dungeon.
             The game lasted 00:03:10 (1402 turns).

tinkerttoy the Twirler (Minotaur Gladiator)         Turns: 1402, Time: 00:03:10

Health: -1/38      AC:  8    Str: 19    XL:     4   Next: 31%
Magic:  3/3        EV: 13    Int:  5    God:
Gold:   78         SH:  0    Dex: 12    Spells: 0 memorised, 3 levels left

rFire  . . .     SeeInvis .     a - +0 quarterstaff
rCold  . . .     Clarity  .     n - +3 leather armour
rNeg   . . .     SustAt   .     (no shield)
rPois  .         Gourm    .     c - +0 hat
rElec  .         Spirit   .     (no cloak)
rCorr  .         Warding  .     h - +0 pair of gloves
rMut   .         Stasis   .     l - +0 pair of boots
MR     .....                    (no amulet)
Stlth  +.........               (no ring)
                                (no ring)

@: not resistant to hostile enchantments, very unstealthy
A: retaliatory headbutt, horns 2
a: no special abilities


You were on level 3 of the Dungeon.
You were hungry.

You visited 1 branch of the dungeon, and saw 3 of its levels.

You collected 78 gold pieces.

Inventory:

Hand weapons
 a - a +0 quarterstaff (weapon)
Missiles
 d - 3 throwing nets (quivered)
Armour
 c - a +0 hat (worn)
 h - a +0 pair of gloves (worn)
 l - a +0 pair of boots (worn)
 n - a +3 leather armour (worn)
Jewellery
 b - an uncursed ring of poison resistance {unknown}
 k - an uncursed amulet of warding {unknown}
 o - an uncursed ring of protection from magic {unknown}
Scrolls
 g - 5 scrolls of identify {unknown}
 j - a scroll of enchant armour {unknown}
Potions
 f - a potion of haste {unknown}
 i - a potion of heal wounds {unknown}
 m - a potion of might {unknown}
Comestibles
 e - 3 bread rations


   Skills:
 + Level 3.2 Fighting
 * Level 5.0 Staves
 + Level 2.6 Throwing
 + Level 3.7 Dodging


You had 3 spell levels left.
You didn't know any spells.

Dungeon Overview and Level Annotations

Branches:
Dungeon (3/15)

Altars:


Innate Abilities, Weirdness & Mutations

You reflexively headbutt those who attack you in melee.
You have a pair of horns on your head.


Message History

* * * LOW HITPOINT WARNING * * *
The orc hits you but does no damage.
You completely miss the orc. The orc hits you but does no damage.
You completely miss the orc. The orc barely misses you.
You furiously retaliate!
You headbutt the orc! You sock the orc!
You kill the orc!
You hit the orc priest.
The orc priest is moderately wounded.
The orc priest calls down the wrath of Beogh upon you.
You barely resist. You closely miss the orc priest.
The orc priest is moderately wounded.
The orc priest hits you with a dagger.
* * * LOW HITPOINT WARNING * * *
You sock the orc priest!
The orc priest is severely wounded.
The orc priest mumbles some strange prayers to Beogh against you.
Pain shoots through your body!
You die...

.# .# .# .# .#
###.###...
#.........
#o#)#...o. #@#.oo
...
##########.###...
. .)......)#.#
....!
#######....# #.##
...........## .#
#####.......# #
#.......#
#.......#
#.......#


You could see an orc priest.

Vanquished Creatures
  A crimson imp (D:3)
  An adder (D:2)
  An ooze (D:2)
  2 worms
  A giant gecko (D:2)
  3 orcs (D:3)
  4 giant cockroaches (D:1)
  3 hobgoblins (D:2)
  4 jackals (D:2)
  5 kobolds
  2 bats (D:2)
  A giant newt (D:1)
  4 goblins
  3 rats (D:1)
35 creatures vanquished.

Notes
Turn   | Place    | Note
--------------------------------------------------------------
     0 | D:1      | tinkerttoy the Minotaur Gladiator began the quest for the Orb.
     0 | D:1      | Reached XP level 1. HP: 18/18 MP: 0/0
   296 | D:1      | Reached skill level 4 in Staves
   354 | D:1      | Reached XP level 2. HP: 18/25 MP: 1/1
   911 | D:2      | Reached XP level 3. HP: 20/30 MP: 2/2
  1353 | D:3      | Reached XP level 4. HP: 36/38 MP: 3/3
  1363 | D:3      | Reached skill level 5 in Staves
  1402 | D:3      | Killed from afar by an orc priest

Vault maps used:
D:1:      noname_arrival_rooms_in_the_neighbourhood
D:2:      first_bread, item_on_display_a
D:3:      serial_forest, infiniplex_forest_clump_tiny,
          infiniplex_forest_clump_long, infiniplex_forest_clump_diagonal,
          infiniplex_forest_end_3, infiniplex_forest_clump_small

Action                   |  1- 3 |  4- 6 || total
-------------------------+-------+-------++-------
Melee: Quarterstaff      |    57 |    15 ||    72
  Eat: Chunk             |     1 |       ||     1
